 Dungeon Crawl Stone Soup version 0.28-a0-657-g71136c5590 (webtiles) character file.

Game seed: 1865918665039884545

667 lawman0 the Covert (level 7, -4/60 HPs)
             Began as a Gnoll Delver on Oct 13, 2021.
             Slain by a wyvern zombie (13 damage)
             ... on level 6 of the Dungeon.
             The game lasted 00:05:59 (2164 turns).

lawman0 the Covert (Gnoll Delver)                   Turns: 2164, Time: 00:05:59

Health: -4/60      AC:  5    Str: 18    XL:     7   Next: 57%
Magic:  10/10      EV: 13    Int: 11    God:
Gold:   122        SH:  0    Dex: 13    Spells: 11/11 levels left

rFire   . . .      SeeInvis .   a - +0 mace
rCold   . . .      Faith    .   (no shield)
rNeg    . . .      Spirit   .   b - +0 leather armour
rPois   .          Reflect  .   (no helmet)
rElec   .          Harm     .   (no cloak)
rCorr   .          Rampage  +   (no gloves)
Will    .....                   l - +1 pair of boots {rampage}
Stlth   ++++......              (no amulet)
HPRegen 0.20/turn               k - ring of wizardry
MPRegen 0.12/turn               m - +6 ring of strength

@: hasted, very quick
A: fangs 1, strong nose, distributed training
a: no special abilities


You were on level 6 of the Dungeon.
You visited 1 branch of the dungeon, and saw 3 of its levels.

You collected 122 gold pieces.

Inventory:

Hand Weapons
 a - a +0 mace (weapon)
Missiles
 e - 20 poisoned darts
 j - 5 boomerangs (quivered)
 s - 3 javelins
Armour
 b - a +0 leather armour (worn)
 l - a +1 pair of boots of rampaging (worn)
Jewellery
 k - a ring of wizardry (left hand)
 m - a +6 ring of strength (right hand)
 r - a ring of magical power
Wands
 f - a wand of paralysis (6)
 g - a wand of digging (3)
Scrolls
 c - a scroll of fog
 d - a scroll of silence {unknown}
 i - a scroll of teleportation
 n - a scroll of identify {unknown}
 o - a scroll of enchant weapon {unknown}
 q - 2 scrolls of amnesia


   Skills:
 + Level 7.1 Fighting
 + Level 2.5 Short Blades
 + Level 2.5 Long Blades
 + Level 2.5 Axes
 + Level 5.3 Maces & Flails
 + Level 2.5 Polearms
 + Level 2.5 Staves
 + Level 2.5 Slings
 + Level 2.5 Bows
 + Level 2.5 Crossbows
 + Level 2.5 Throwing
 + Level 2.5 Armour
 + Level 5.3 Dodging
 + Level 9.9 Stealth
 + Level 2.5 Shields
 + Level 2.5 Unarmed Combat
 + Level 2.5 Spellcasting
 + Level 2.1 Conjurations
 + Level 2.1 Hexes
 + Level 2.1 Summonings
 + Level 2.1 Necromancy
 + Level 2.1 Translocations
 + Level 2.1 Transmutations
 + Level 2.1 Fire Magic
 + Level 2.1 Ice Magic
 + Level 2.1 Air Magic
 + Level 2.1 Earth Magic
 + Level 2.1 Poison Magic
 + Level 2.8 Invocations
 + Level 2.5 Evocations


You had 11 spell levels left.
You didn't know any spells.
Your spell library was empty.

Dungeon Overview and Level Annotations

Branches:
Dungeon (6/15)             Temple (0/1) D:6

Altars:
Yredelemnul

Shops:
D:4 [

Annotations:
D:4 Edmund


Innate Abilities, Weirdness & Mutations

You have very sharp teeth.
Your uncanny sense of smell can sniff out nearby items.
Your experience applies equally to all skills.


Message History

The wyvern zombie barely misses you.
The wyvern zombie completely misses you.
You hit the wyvern zombie.
The wyvern zombie is moderately damaged.
The wyvern zombie bites you!
You hit the wyvern zombie.
The wyvern zombie is moderately damaged.
The wyvern zombie bites you!
The wyvern zombie bites you but does no damage.
You hit the wyvern zombie.
You bite the wyvern zombie, but do no damage.
The wyvern zombie is moderately damaged.
The wyvern zombie closely misses you.
You hit the wyvern zombie.
The wyvern zombie is moderately damaged.
The wyvern zombie bites you! The wyvern zombie closely misses you.
You hit the wyvern zombie.
You bite the wyvern zombie, but do no damage.
The wyvern zombie is heavily damaged.
The wyvern zombie bites you.
You are too injured to fight recklessly!
You hit the wyvern zombie but do no damage.
The wyvern zombie is heavily damaged.
The wyvern zombie bites you! The wyvern zombie barely misses you.
You are too injured to fight recklessly!
You sock the wyvern zombie!
The wyvern zombie is heavily damaged.
The wyvern zombie closely misses you.
You are too injured to fight recklessly!
You sock the wyvern zombie!
The wyvern zombie is severely damaged.
The wyvern zombie bites you.
* * * LOW HITPOINT WARNING * * *
The wyvern zombie barely misses you.
You feel yourself speed up. The wyvern zombie bites you!
* * * LOW HITPOINT WARNING * * *
You hit the wyvern zombie.
The wyvern zombie is almost destroyed.
The wyvern zombie bites you!
You die...

#..o...>.....
#.#.........#
####.#..o...⌠..#
................
#####.........#
##.##.##.##
#...#+# #.#[#.#
...#.@.#
........Z.#
#.######..## #
#... #...# #...#
#...# #...#


You could see a wyvern zombie.

Vanquished Creatures
  Pikel (D:4)
  An ice beast (D:5)
  A centaur zombie (D:5)
  2 orc priests
  3 adders
  An ufetubus (D:5)
  An adder skeleton (D:4)
  A worm (D:4)
  7 dart slugs (D:4)
  2 orcs (D:5)
  2 endoplasms (D:4)
  A giant cockroach (D:4)
  A hobgoblin (D:4)
  A quokka (D:4)
  2 ball pythons (D:4)
27 creatures vanquished.

Notes
Turn   | Place    | Note
-------+----------+-------------------------------------------
     0 | D:5      | Reached skill level 9 in Stealth
     0 | D:5      | lawman0 the Gnoll Delver began the quest for the Orb.
     0 | D:5      | Reached XP level 1. HP: 23/23 MP: 1/1
    79 | D:5      | Reached XP level 2. HP: 18/29 MP: 2/2
   229 | D:5      | Noticed a scorpion
   254 | D:5      | Found a basalt altar of Yredelemnul.
   314 | D:4      | Noticed Edmund
   345 | D:4      | Noticed a lemure
   362 | D:4      | Reached XP level 3. HP: 29/35 MP: 3/3
   426 | D:4      | Noticed Pikel
   471 | D:4      | Found Oshruleci's Armour Emporium.
   491 | D:4      | Reached skill level 1 in Invocations
   742 | D:4      | Reached skill level 1 in Short Blades
   742 | D:4      | Reached skill level 1 in Long Blades
   742 | D:4      | Reached skill level 1 in Axes
   742 | D:4      | Reached skill level 1 in Polearms
   742 | D:4      | Reached skill level 1 in Staves
   742 | D:4      | Reached skill level 1 in Slings
   742 | D:4      | Reached skill level 1 in Bows
   742 | D:4      | Reached skill level 1 in Crossbows
   742 | D:4      | Reached skill level 1 in Throwing
   742 | D:4      | Reached skill level 1 in Armour
   742 | D:4      | Reached skill level 1 in Shields
   742 | D:4      | Reached skill level 1 in Unarmed Combat
   742 | D:4      | Reached skill level 1 in Spellcasting
   742 | D:4      | Reached skill level 1 in Evocations
   785 | D:4      | Reached XP level 4. HP: 40/41 MP: 5/5
   915 | D:4      | Noticed a lemure
   916 | D:4      | Noticed a lemure
   920 | D:4      | Noticed a lemure
  1005 | D:4      | Killed Pikel
  1006 | D:4      | Reached skill level 5 in Maces & Flails
  1006 | D:4      | Reached skill level 5 in Dodging
  1006 | D:4      | Reached skill level 1 in Conjurations
  1006 | D:4      | Reached skill level 1 in Hexes
  1006 | D:4      | Reached skill level 1 in Summonings
  1006 | D:4      | Reached skill level 1 in Necromancy
  1006 | D:4      | Reached skill level 1 in Translocations
  1006 | D:4      | Reached skill level 1 in Transmutations
  1006 | D:4      | Reached skill level 1 in Fire Magic
  1006 | D:4      | Reached skill level 1 in Ice Magic
  1006 | D:4      | Reached skill level 1 in Air Magic
  1006 | D:4      | Reached skill level 1 in Earth Magic
  1006 | D:4      | Reached skill level 1 in Poison Magic
  1006 | D:4      | Reached XP level 5. HP: 13/47 MP: 5/8
  1006 | D:4      | Reached XP level 6. HP: 14/53 MP: 5/9
  1006 | D:4      | Reached XP level 7. HP: 16/59 MP: 5/10
  1647 | D:6      | Found a staircase to the Ecumenical Temple.
  2164 | D:6      | Slain by a wyvern zombie

Illustrated notes

Levels and vault maps discovered:
D:4:      kennysheep_slugbush, layout_basic, serial_shops,
          kennysheep_little_box, uniq_edmund, uniq_pikel
D:5:      layout_cave_pools, mainiacjoe_overflow_surrounded_room
D:6:      layout_basic, mainiacjoe_overflow_catwalk,
          minmay_temple_entry_large_hall

Skill      XL: |  1  2  3  4  5  6  7 |
---------------+----------------------+-----
Stealth        | |  9.9
Invocations    | 1 2 |  2.8
Short Blades   | 1 2 |  2.5
Long Blades    | 1 2 |  2.5
Axes           | 1 2 |  2.5
Polearms       | 1 2 |  2.5
Staves         | 1 2 |  2.5
Slings         | 1 2 |  2.5
Bows           | 1 2 |  2.5
Crossbows      | 1 2 |  2.5
Throwing       | 1 2 |  2.5
Armour         | 1 2 |  2.5
Shields        | 1 2 |  2.5
Unarmed Combat | 1 2 |  2.5
Spellcasting   | 1 2 |  2.5
Evocations     | 1 2 |  2.5
Maces & Flails | 5 |  5.3
Dodging        | 5 |  5.3
Conjurations   | 1 2 |  2.1
Hexes          | 1 2 |  2.1
Summonings     | 1 2 |  2.1
Necromancy     | 1 2 |  2.1
Translocations | 1 2 |  2.1
Transmutations | 1 2 |  2.1
Fire Magic     | 1 2 |  2.1
Ice Magic      | 1 2 |  2.1
Air Magic      | 1 2 |  2.1
Earth Magic    | 1 2 |  2.1
Poison Magic   | 1 2 |  2.1
Fighting       | 7 |  7.1

Action                   |  1- 3 |  4- 6 |  7- 9 || total
-------------------------+-------+-------+-------++-------
Melee: Mace              |    43 |    12 |    42 ||    97
       Bite              |     1 |     3 |     6 ||    10
       Punch             |       |       |     1 ||     1
Throw: Boomerang         |    23 |     4 |     6 ||    33
       Dart              |       |    22 |       ||    22
  Use: Scroll            |     3 |       |     1 ||     4
       Potion            |     1 |     3 |     2 ||     6
 Stab: Sleeping          |     1 |       |       ||     1
       Distracted        |       |       |     1 ||     1
Armor: Leather armour    |    22 |     6 |    10 ||    38
       Skin              |       |       |    10 ||    10
Dodge: Dodged            |    39 |    13 |    27 ||    79

Table legend: (Time is in decaauts)
 A = Elapsed time spent in this place.
 B = Non-inter-level travel time spent in this place.
 C = Inter-level travel time spent in this place.
 D = Time resting spent in this place.
 E = Time spent auto-exploring this place.
 F = Levels seen in this place.
 G = Mean time per level.
                   A        B        C        D        E       F      G
               +--------+--------+--------+--------+--------+-----+--------+
         Total |   2187 |   2122 |     65 |    967 |    442 |   3 |  729.0 |
       Dungeon |   2187 |   2122 |     65 |    967 |    442 |   3 |  729.0 |
               +--------+--------+--------+--------+--------+-----+--------+

Top non-repeatable levels by time:
     D:4: 1363 daAuts
     D:5: 772 daAuts
     D:6: 51 daAuts
